[Event "Early-Titled-Tuesday-Blitz-March-05-2024"]
[Site "Chess.com"]
[Date "2024.03.05"]
[Round "11"]
[White "Batica1984"]
[Black "GreenPeach24"]
[Result "1-0"]
[WhiteElo "2779"]
[BlackElo "2507"]
[TimeControl "180+1"]
[EndTime "10:09:03 PST"]
[Termination "Batica1984 won by checkmate"]

1. e4 c6 2. d4 d5 3. e5 Bf5 4. h4 h6 5. g4 Bh7 6. e6 f5 7. Bd3 Nf6 8. gxf5 c5 9. Nf3 c4 10. Ne5 cxd3 11. Qxd3 Qc7 12. Nc3 Nc6 13. Bf4 Qb6 14. O-O-O Rc8 15. a3 a6 16. Na4 Qb5 17. Qxb5 axb5 18. Nb6 Rd8 19. Nf7 Rg8 20. Nxd8 Kxd8 21.
Rh3 Bxf5 22. Rb3 Bxe6 23. Rxb5 Bg4 24. Rd2 Ne4 25. Rxd5+ Ke8 26. Rd3 e6 27. Rd7 Nxf2 28. Re3 e5 29. Rxb7 e4 30. Rc3 Nxd4 31. Rcc7 Ne6 32.
Rb8+ Nd8 33. a4 Be7 34. a5 g5 35. hxg5 hxg5 36. Bg3 e3 37. a6 Ne4 38. a7 Nxg3 39.
a8=Q e2 40. Rxd8+ Bxd8 41. Qc6+ Kf8 42. Qd6+ Ke8 43. Qe5+ Kf8 44. Nd7+ Bxd7 45. Rxd7 Ba5 46. Qe7# 1-0

[Event "Early-Titled-Tuesday-Blitz-March-05-2024"]
[Site "Chess.com"]
[Date "2024.03.05"]
[Round "11"]
[White "WindWhistler11"]
[Black "Chesstiger64"]
[Result "1/2-1/2"]
[WhiteElo "2548"]
[BlackElo "2404"]
[TimeControl "180+1"]
[EndTime "10:09:04 PST"]
[Termination "Game drawn by repetition"]

1. Nf3 c5 2. b3 Nc6 3. Bb2 d6 4. e3 Bg4 5. h3 Bxf3 6. Qxf3 Nf6 7. d3 e6 8. Qe2 Be7 9. Nd2 O-O 10.
g4 b5 11. Bg2 Qc7 12. O-O a5 13. a4 bxa4 14. Rxa4 Nd7 15. Nc4 Bf6 16. Bxf6 Nxf6 17.
Rfa1 d5 18. Nd2 Nd7 19. f4 Nb6 20. R4a3 Nb4 21. Nf3 a4 22. bxa4 Rxa4 23. Rxa4 Nxa4 24. Rxa4 f6 25. c3 Nc6 26. Qa2 h5 27. Ra8 hxg4 28.
hxg4 d4 29. Rxf8+ Kxf8 30. Qa8+ Kf7 31. cxd4 cxd4 32. Nh4 Ne7 33. g5 Qc1+ 34. Kh2 Qxe3 35. Qe4 Qf2 36. g6+ Ke8 37. Qa8+ Kd7 38. Qb7+ Kd6 39. Qb6+ Kd7 40. Nf3 Nxg6 41. Nxd4 Qxf4+ 42. Kg1 Qe3+ 43. Kh2 Qf4+ 44. Kh1 Qc1+ 45. Kh2 Qf4+ 1/2-1/2

[Event "Early-Titled-Tuesday-Blitz-March-05-2024"]
[Site "Chess.com"]
[Date "2024.03.05"]
[Round "11"]
[White "vi_pranav"]
[Black "DeArron_Fox"]
[Result "1-0"]
[WhiteElo "3042"]
[BlackElo "2553"]
[TimeControl "180+1"]
[EndTime "10:09:06 PST"]
[Termination "vi_pranav won on time"]

1. e4 c5 2. Nf3 e6 3. b3 d6 4. Bb2 Nf6 5. Nc3 a6 6. d4 cxd4 7. Nxd4 Qc7 8. Bd3 Nbd7 9. O-O Be7 10. h3 O-O 11. a4 b6 12. Re1 Bb7 13. Nce2 Nxe4 14.
Nf4 Ndc5 15. Bf1 Nf6 16. b4 Nce4 17. f3 Ng3 18. Nfxe6 fxe6 19. Nxe6 Qd7 20. Nxf8 Rxf8 21. Qd4 Nxf1 22. Rxf1 Qc7 23. Rfe1 Ne8 24. Qg4 Bf6 25.
Rxe8 Rxe8 26. Bxf6 Qf7 27. Bd4 Re2 28. Bxb6 Rxc2 29.
Re1 h5 30. Qg5 Qf6 31. Qxh5 Bc6 32. b5 axb5 33. axb5 Bd7 34. Qd5+ Kh8 35. Bf2 Qb2 36. Qa8+ Kh7 37. Qe4+ Kh8 38. b6 1-0

[Event "Early-Titled-Tuesday-Blitz-March-05-2024"]
[Site "Chess.com"]
[Date "2024.03.05"]
[Round "11"]
[White "Szparu"]
[Black "ckgchess"]
[Result "0-1"]
[WhiteElo "2791"]
[BlackElo "2919"]
[TimeControl "180+1"]
[EndTime "10:09:09 PST"]
[Termination "ckgchess won by resignation"]

1. e4 c5 2. Nf3 d6 3. d4 cxd4 4. Nxd4 Nf6 5. Nc3 e5 6. Bb5+ Nbd7 7. Nf5 a6 8. Bc4 Nb6 9. Bb3 d5 10. Bg5 Bxf5 11. exf5 Bb4 12. O-O Bxc3 13. bxc3 O-O 14. f4 Re8 15. fxe5 Rxe5 16. Qd3 Rc8 17. Rae1 Qe7 18.
Bh4 Rxe1 19. Rxe1 Qc5+ 20. Bf2 Qc6 21. Bd4 Nbd7 22. Qg3 b5 23. Re7 Kf8 24. Re3 Re8 25. Rxe8+ Nxe8 26. Qf3 Nef6 27. g4 h6 28. h4 Ne4 29.
Kg2 Qd6 30. a4 Ndf6 31. axb5 axb5 32. Kh3 h5 33. gxh5 Nxh5 34. Be3 Nhf6 35. Bd4 Kg8 36. Be3 Qc7 37. Bd4 Qc6 38. h5 Ng5+ 0-1

[Event "Early-Titled-Tuesday-Blitz-March-05-2024"]
[Site "Chess.com"]
[Date "2024.03.05"]
[Round "11"]
[White "FuenfgegenWilly"]
[Black "WilsonPalencia21"]
[Result "1-0"]
[WhiteElo "2470"]
[BlackElo "2573"]
[TimeControl "180+1"]
[EndTime "10:09:11 PST"]
[Termination "FuenfgegenWilly won by resignation"]

1. e4 c5 2. Nc3 Nc6 3. f4 g6 4. Nf3 Bg7 5. Bb5 Nd4 6. O-O Nxb5 7. Nxb5 d6 8. d3 a6 9. Nc3 Nf6 10. Qe1 b5 11. Qh4 Bb7 12. Bd2 Qd7 13. Rae1 b4 14.
Nd1 O-O-O 15. Ne3 Kb8 16. Nc4 h6 17. e5 Nd5 18. Qg3 Ka7 19. Nh4 Nb6 20. b3 Nxc4 21. bxc4 g5 22. fxg5 Bxe5 23. Rxe5 dxe5 24. Qxe5 hxg5 25. Qxc5+ Ka8 26. Be3 Bc6 27. Rxf7 Rhe8 28. Ng6 Rc8 29. Ne5 Qb7 30. Nxc6 Rxc6 31. Qxg5 b3 32. axb3 Qb4 33. Bd2 Qa3 34. Qd5 Rc8 35. Be3 Kb8 36. Qd4 R8c7 37. Bf4 e5 38. Qxe5 Ka8 39. Rxc7 Rxc7 40. Qxc7 Qa1+ 41. Kf2 Qd4+ 42. Be3 1-0

[Event "Early-Titled-Tuesday-Blitz-March-05-2024"]
[Site "Chess.com"]
[Date "2024.03.05"]
[Round "11"]
[White "bylavochka"]
[Black "Flaccidmoves"]
[Result "1-0"]
[WhiteElo "2359"]
[BlackElo "2452"]
[TimeControl "180+1"]
[EndTime "10:09:11 PST"]
[Termination "bylavochka won by checkmate"]

1. e4 e6 2. d4 d5 3. Nc3 Bb4 4. e5 c5 5. a3 Bxc3+ 6. bxc3 Qc7 7. Qg4 Kf8 8. Ne2 Ne7 9. a4 h5 10. Qg5 b6 11. a5 bxa5 12. Ba3 c4 13. Ng3 h4 14. Nh5 Rh7 15. Be2 Nc6 16. O-O h3 17.
gxh3 Rxh5 18. Bxh5 Kg8 19. Kh1 Nf5 20. Rg1 Bb7 21. Bg4 g6 22. Bxf5 exf5 23. Qxf5 Re8 24. Rxg6+ fxg6 25. Qxg6+ Qg7 26. Qxe8+ Kh7 27. Qh5+ Qh6 28.
Qf5+ Kh8 29. Rg1 Nd8 30. Qd7 Ne6 31. Qe8+ Kh7 32. Qg8# 1-0

[Event "Early-Titled-Tuesday-Blitz-March-05-2024"]
[Site "Chess.com"]
[Date "2024.03.05"]
[Round "11"]
[White "SergioMoralesG"]
[Black "arnash_bauyrzhan"]
[Result "1-0"]
[WhiteElo "2486"]
[BlackElo "2320"]
[TimeControl "180+1"]
[EndTime "10:09:11 PST"]
[Termination "SergioMoralesG won on time"]

1. d4 d5 2. c4 e6 3. Nf3 Nf6 4. Nc3 Be7 5. Bf4 O-O 6. e3 b6 7. cxd5 Nxd5 8. Nxd5 exd5 9. Bd3 c5 10. h3 Nd7 11.
O-O Nf6 12. Qe2 Bb7 13. Ba6 Qc8 14. Bxb7 Qxb7 15. b3 Ne4 16. Rac1 Rac8 17. Rc2 cxd4 18.
Nxd4 Bf6 19. Nb5 Qa6 20. a4 Nc5 21. Bd6 Rfd8 22. Bxc5 bxc5 23. Rfc1 Qb6 24. Qd3 a6 25. Nd4 Bxd4 26. exd4 c4 27. bxc4 dxc4 28. Rxc4 Rxc4 29. Qxc4 h6 30. d5 Rd6 31. Qc8+ Kh7 32. Qf5+ Rg6 33. Qxf7 Rf6 34. Qc7 Qxf2+ 35. Kh1 Rg6 36. Qc2 Qd4 37. Rd1 Qe5 38. d6 Qe8 39. d7 Qd8 40. Rd6 1-0

[Event "Early-Titled-Tuesday-Blitz-March-05-2024"]
[Site "Chess.com"]
[Date "2024.03.05"]
[Round "11"]
[White "Szachulec75"]
[Black "emeli_chess"]
[Result "0-1"]
[WhiteElo "2241"]
[BlackElo "2426"]
[TimeControl "180+1"]
[EndTime "10:09:11 PST"]
[Termination "emeli_chess won by resignation"]

1. Nf3 f5 2. g3 Nf6 3. Bg2 d6 4.
d3 e5 5. O-O Be7 6. Nbd2 O-O 7.
c4 c6 8. Rb1 Kh8 9. b4 Be6 10.
b5 Nbd7 11. bxc6 bxc6 12. Qa4 Qc7 13. Ba3 Nc5 14. Bxc5 dxc5 15. Qa6 Rab8 16. Rxb8 Rxb8 17. Rb1 Rb6 18. Qa4 Bd6 19. Rb3 h6 20. Nh4 g5 21.
Nhf3 Kg7 22. h3 e4 23. Ne1 e3 24.
Nf1 exf2+ 25. Kxf2 f4 26. Rxb6 axb6 27. Qxc6 Qxc6 28.
Bxc6 Bxh3 29. gxf4 Bxf4 30. Ng3 Bc7 31. Bg2 Bd7 32. Ne4 Nxe4+ 33. Bxe4 h5 34. Kg2 h4 35. Nc2 g4 36. Ne3 h3+ 37. Kh1 Kf6 38. Nd5+ Kg5 39. Nxc7 Kf4 40. Nd5+ Kg3 41. Nxb6 Be6 42. Na4 Kf2 43.
Nxc5 g3 44. a4 g2+ 45. Bxg2 hxg2+ 0-1

[Event "Early-Titled-Tuesday-Blitz-March-05-2024"]
[Site "Chess.com"]
[Date "2024.03.05"]
[Round "11"]
[White "Mesa_1"]
[Black "Austen48"]
[Result "0-1"]
[WhiteElo "2479"]
[BlackElo "2325"]
[TimeControl "180+1"]
[EndTime "10:09:13 PST"]
[Termination "Austen48 won on time"]

1. e4 c5 2. Nf3 e6 3. d4 cxd4 4. Nxd4 a6 5. c4 Nf6 6. Nc3 Qc7 7. a3 b6 8. Be3 Bb7 9. f3 d6 10. Be2 Nbd7 11. g4 Ne5 12. g5 Nfd7 13. Rc1 Be7 14. f4 Ng6 15. h4 h6 16. f5 e5 17. Nd5 Bxd5 18. cxd5 Nc5 19. fxg6 exd4 20. Bxd4 hxg5 21. b4 gxh4 22. gxf7+ Kxf7 23. bxc5 dxc5 24. d6 Bxd6 25. O-O+ Kg6 26. e5 Bxe5 27. Bd3+ Kh6 28. Qg4 Bxd4+ 29.
Kh1 Qg3 30. Qe6+ g6 31. Bb1 Rae8 32. Qd7 Re2 0-1

[Event "Early-Titled-Tuesday-Blitz-March-05-2024"]
[Site "Chess.com"]
[Date "2024.03.05"]
[Round "11"]
[White "fandebobbyfischer"]
[Black "javirec"]
[Result "1-0"]
[WhiteElo "2683"]
[BlackElo "2249"]
[TimeControl "180+1"]
[EndTime "10:09:15 PST"]
[Termination "fandebobbyfischer won on time"]

1. e4 c5 2. Nf3 e6 3. d4 cxd4 4. Nxd4 Nc6 5. Nc3 Qc7 6. Be3 a6 7. Qf3 Nf6 8. O-O-O Be7 9. h3 O-O 10.
g4 b5 11. g5 Ne8 12. h4 b4 13. Nce2 Bb7 14. Bg2 Rc8 15. Kb1 Ne5 16. Qg3 Nc4 17. Qxc7 Nxc7 18. Bf4 Bc5 19. Bg3 Rfd8 20. h5 d5 21. e5 Be7 22. f4 Nb5 23. Nxb5 axb5 24. Bh3 Ne3 25. Rd2 Nc4 26. Rdd1 Ne3 27. Rc1 g6 28. Rhe1 Nf5 29. Bf2 Bc5 30. Bxc5 Rxc5 31. Bxf5 gxf5 32. Nd4 Rc4 33. Rcd1 Ba6 34. Rg1 Kg7 35. g6 hxg6 36. hxg6 Bc8 37. gxf7+ Kxf7 38. Nxb5 1-0

[Event "Early-Titled-Tuesday-Blitz-March-05-2024"]
[Site "Chess.com"]
[Date "2024.03.05"]
[Round "11"]
[White "ajeale2"]
[Black "IM_ArthurDW08"]
[Result "1-0"]
[WhiteElo "2506"]
[BlackElo "2739"]
[TimeControl "180+1"]
[EndTime "10:09:18 PST"]
[Termination "ajeale2 won on time"]

1. d4 d5 2. Bf4 Bf5 3. e3 Nf6 4. Nf3 e6 5. Ne5 Nbd7 6. g4 Bg6 7. h4 h5 8. Nxg6 fxg6 9. g5 Ne4 10. Bd3 c5 11. f3 c4 12. fxe4 cxd3 13. Qxd3 e5 14.
exd5 Qb6 15. dxe5 Qxb2 16. Qxg6+ Kd8 17. O-O Qxa1 18. e6 Ne5 19. Qf5 Bd6 20. e7+ Kc7 21.
Nd2 Qxa2 22. Nb3 g6 23. Qe6 Rae8 24. Bxe5 Bxe5 25. Qxe5+ Kc8 26. d6 Qa4 27. Qe6+ Kb8 28. d7 Rxe7 29. Qxe7 Qg4+ 30. Kf2 Qxh4+ 31. Ke2 Qc4+ 32.
Kd2 1-0

[Event "Early-Titled-Tuesday-Blitz-March-05-2024"]
[Site "Chess.com"]
[Date "2024.03.05"]
[Round "11"]
[White "HansOnTwitch"]
[Black "NikoTheodorou"]
[Result "1-0"]
[WhiteElo "3126"]
[BlackElo "3062"]
[TimeControl "180+1"]
[EndTime "10:09:20 PST"]
[Termination "HansOnTwitch won on time"]

1. e4 c5 2. Nf3 Nc6 3. Bb5 e6 4. O-O Nd4 5. Nxd4 cxd4 6. c3 a6 7. Bd3 Bc5 8. b4 Ba7 9. Na3 Ne7 10. Nc2 dxc3 11. dxc3 Qc7 12. c4 d6 13. Bb2 O-O 14. Kh1 e5 15. Rc1 Ng6 16. Qd2 Qe7 17. g3 Bh3 18. Rfe1 Bg4 19. Be2 Qe6 20. Bxg4 Qxg4 21.
Qe2 Qe6 22. Ne3 Bxe3 23. Qxe3 f5 24. exf5 Qxf5 25. Re2 Rac8 26. c5 d5 27. Bxe5 Rce8 28. f4 h5 29. Rd1 h4 30. g4 Qxg4 31. Rg1 Qf5 32. Reg2 Re6 33. Qd4 Rf7 34. Rg5 Qh3 35. Qxd5 Nxe5 36. Qd8+ Kh7 37. Rh5+ 1-0

[Event "Early-Titled-Tuesday-Blitz-March-05-2024"]
[Site "Chess.com"]
[Date "2024.03.05"]
[Round "11"]
[White "Herman-NY"]
[Black "IlanSchnaider"]
[Result "1-0"]
[WhiteElo "2553"]
[BlackElo "2645"]
[TimeControl "180+1"]
[EndTime "10:09:21 PST"]
[Termination "Herman-NY won on time"]

1. e4 c5 2. Nf3 d6 3. d4 cxd4 4.
Nxd4 Nf6 5. Nc3 a6 6. Bc4 e6 7. a3 b5 8. Ba2 Be7 9. Qe2 O-O 10. g4 Qc7 11. g5 Nfd7 12. h4 Nc6 13. Be3 Nc5 14. O-O-O b4 15. Nxc6 bxc3 16. Nxe7+ Qxe7 17. b4 Nxe4 18. Bd4 Bb7 19. g6 hxg6 20. h5 Bd5 21. Bxd5 exd5 22. h6 f6 23. f3 a5 24. b5 Qf7 25. fxe4 dxe4 26. Qxe4 Rac8 27. hxg7 Kxg7 28. Rdg1 Rh8 29. Rxh8 Rxh8 30. Bxc3 Rh6 31. b6 d5 32. Qd4 Rh2 33. Rf1 1-0

[Event "Early-Titled-Tuesday-Blitz-March-05-2024"]
[Site "Chess.com"]
[Date "2024.03.05"]
[Round "11"]
[White "CarlosjPineror"]
[Black "Dinosaurio_1975"]
[Result "1-0"]
[WhiteElo "2728"]
[BlackElo "2590"]
[TimeControl "180+1"]
[EndTime "10:09:22 PST"]
[Termination "CarlosjPineror won on time"]

1. e4 c6 2. d3 d5 3. Nd2 e5 4. Ngf3 Bd6 5. g3 Nf6 6. Bg2 O-O 7. O-O Re8 8. c3 a5 9. a4 Qc7 10. Re1 b6 11. Qc2 Ba6 12. b3 Nbd7 13. Bb2 Nc5 14. Bf1 Ne6 15. Rad1 Rad8 16. c4 d4 17. Bg2 Nc5 18. Rf1 Bc8 19. Ne1 Nfd7 20. h3 Nf8 21. Ndf3 Ng6 22. Nh2 f5 23. exf5 Bxf5 24. Ba3 h5 25.
Bxc5 bxc5 26. h4 Rb8 27. Rb1 Rb6 28. Qe2 Reb8 29. Qxh5 Qf7 30. Qd1 Qb7 31. Qh5 Qf7 32.
Nhf3 Be7 33. Nd2 Qe6 34. Qe2 Rf8 35. Be4 Bg4 36. f3 Bh3 37. Ng2 Bf5 38. h5 Nh8 39.
Rbe1 Nf7 40. f4 Bd6 41. Bxf5 Qxf5 42. fxe5 Qxe5 43. Ne4 Bc7 44. Qg4 Rbb8 45. Nf6+ 1-0

[Event "Early-Titled-Tuesday-Blitz-March-05-2024"]
[Site "Chess.com"]
[Date "2024.03.05"]
[Round "11"]
[White "RantomOpening"]
[Black "Ducke13"]
[Result "0-1"]
[WhiteElo "2569"]
[BlackElo "2405"]
[TimeControl "180+1"]
[EndTime "10:09:22 PST"]
[Termination "Ducke13 won by checkmate"]

1. e4 c5 2. c3 d5 3. exd5 Qxd5 4.
d4 Nc6 5. Nf3 Bf5 6. Na3 cxd4 7.
Nb5 O-O-O 8. cxd4 e5 9. Nc3 Bb4 10. Bd2 Bxc3 11. bxc3 exd4 12. cxd4 Nxd4 13. Rc1+ Kb8 14.
Bf4+ Ka8 15. Qxd4 Qxd4 16. Nxd4 Rxd4 17. Be3 Rd8 18. Bc4 Nf6 19. Bxf7 Ng4 20. O-O Rhf8 21. Bc4 Nxe3 22. fxe3 Be4 23. Rxf8 Rxf8 24. Rd1 Bc6 25. Bd5 Rd8 26. e4 Kb8 27. Kf2 Kc7 28. Ke3 Bxd5 29.
exd5 Kd6 30. Kd4 Rf8 31. Rd2 Rf4+ 32. Ke3 Ra4 33. g3 h5 34. h3 b5 35. Kf3 g5 36.
g4 Rf4+ 37. Kg3 h4+ 38. Kg2 a5 39. Rc2 Kxd5 40. Rc8 Re4 41. Rg8 Re5 42. Kf3 Kc4 43.
Rc8+ Kb4 44. Rc2 a4 45. Rb2+ Ka3 46. Rd2 b4 47. Rf2 b3 48. axb3 axb3 49. Rd2 b2 50. Rd3+ Ka2 51. Rd2 Ka1 52. Re2 Rxe2 53. Kxe2 b1=Q 54.
Kf3 Qd3+ 55. Kf2 Qxh3 56. Kg1 Qxg4+ 57. Kh2 h3 58. Kh1 Qg2# 0-1

[Event "Early-Titled-Tuesday-Blitz-March-05-2024"]
[Site "Chess.com"]
[Date "2024.03.05"]
[Round "11"]
[White "shirovin"]
[Black "maurovargas01"]
[Result "1-0"]
[WhiteElo "2055"]
[BlackElo "1829"]
[TimeControl "180+1"]
[EndTime "10:09:22 PST"]
[Termination "shirovin won on time"]

1. e4 d5 2. exd5 Qxd5 3. Nc3 Qa5 4. d4 c6 5. Bd2 Qc7 6. Bc4 Bf5 7. Nf3 e6 8. Qe2 Nf6 9. O-O-O Bd6 10. Ne5 Nbd7 11. f4 Bxe5 12. dxe5 Bg4 13. Qf2 Bxd1 14. exf6 Bh5 15.
fxg7 Rg8 16. Qh4 Bg6 17. Qh6 O-O-O 18. h4 Nf6 19. h5 Ng4 20. Qg5 Bf5 21. h6 Qd6 22. Be1 b5 23. Be2 b4 24. Bxg4 bxc3 25.
Bxc3 Bxg4 26. Qxg4 Qc5 27. Qf3 Rd5 28. Bf6 Qb4 29.
b3 Qa3+ 30. Kb1 Kc7 31. Qc3 Ra5 32. Be5+ 1-0

[Event "Early-Titled-Tuesday-Blitz-March-05-2024"]
[Site "Chess.com"]
[Date "2024.03.05"]
[Round "11"]
[White "lagunanivaria"]
[Black "amanjazu"]
[Result "1-0"]
[WhiteElo "2460"]
[BlackElo "2524"]
[TimeControl "180+1"]
[EndTime "10:09:24 PST"]
[Termination "lagunanivaria won by checkmate"]

1. e3 Nf6 2. d4 g6 3. c4 Bg7 4. Nc3 O-O 5. Bd3 b6 6. Nf3 Bb7 7.
O-O d6 8. b3 Nbd7 9. Bb2 e5 10.
dxe5 dxe5 11. Bc2 e4 12. Nd4 a6 13. Nde2 Nc5 14. Qxd8 Raxd8 15. Rad1 Ne6 16. Ng3 Nc5 17. Ba3 Rxd1 18. Rxd1 Re8 19. Bxc5 bxc5 20. Kf1 h5 21. h3 h4 22. Nge2 g5 23. Na4 Bf8 24. Nec3 Bd6 25.
Ne2 Kg7 26. Nb6 g4 27. hxg4 Nxg4 28. Nd5 Re5 29. Ndf4 Kf6 30. Ng1 Ke7 31. Ngh3 Nf6 32. Ke2 Bc8 33. Nd5+ Nxd5 34. Rxd5 Bg4+ 35. Ke1 Rxd5 36.
cxd5 f5 37. Nf4 Bxf4 38. exf4 Kd6 39. Kd2 Kxd5 40. Ke3 c4 41. f3 h3 42. fxe4+ fxe4 43.
gxh3 Bf5 44. h4 c5 45. h5 a5 46. bxc4+ Kxc4 47. Bxe4 Bxe4 48. Kxe4 Kc3 49. h6 c4 50.
h7 Kd2 51. h8=Q c3 52. Qd4+ Kc2 53. Ke3 a4 54. f5 a3 55. f6 Kb1 56. Qxc3 Kxa2 57.
f7 Kb1 58. Qxa3 Kc2 59. Kd4 Kd1 60. Qb2 Ke1 61. Qc2 Kf1 62. f8=Q+ Ke1 63. Qff2# 1-0

[Event "Early-Titled-Tuesday-Blitz-March-05-2024"]
[Site "Chess.com"]
[Date "2024.03.05"]
[Round "11"]
[White "Kotofeyca"]
[Black "Smoking_Crow"]
[Result "1-0"]
[WhiteElo "2464"]
[BlackElo "2594"]
[TimeControl "180+1"]
[EndTime "10:09:26 PST"]
[Termination "Kotofeyca won by checkmate"]

1. d4 Nf6 2. c4 e6 3. Nf3 d5 4.
Nc3 Bb4 5. cxd5 exd5 6. Bg5 O-O 7. e3 h6 8. Bh4 Bf5 9. Bd3 Bxd3 10. Qxd3 g5 11. Bg3 Ne4 12. O-O Bxc3 13. bxc3 h5 14. Qb5 b6 15. h4 g4 16. Ne5 Nxc3 17. Qb3 Ne4 18. Rfd1 Nd7 19. Nc6 Qe8 20. Qxd5 Ndf6 21.
Qb5 Nc3 22. Qg5+ Kh7 23. Qxf6 Nxd1 24. Qf5+ Kg7 25. Qg5+ Kh7 26. Qxh5+ Kg8 27. Qxg4+ Kh7 28. Qh5+ Kg8 29. Qg5+ Kh7 30. Rxd1 Qxc6 31. d5 Qg6 32. Bxc7 Qc2 33. Rd4 Qg6 34. d6 Qxg5 35. hxg5 Rac8 36. f4 Kg6 37. Kf2 Kf5 38. d7 Rxc7 39. d8=Q Rxd8 40.
Rxd8 Rc2+ 41. Kf3 Rxa2 42. Rd6 f6 43. Rxf6# 1-0

[Event "Early-Titled-Tuesday-Blitz-March-05-2024"]
[Site "Chess.com"]
[Date "2024.03.05"]
[Round "11"]
[White "stollenmonster"]
[Black "GianmarcoVaR"]
[Result "0-1"]
[WhiteElo "2879"]
[BlackElo "2781"]
[TimeControl "180+1"]
[EndTime "10:09:28 PST"]
[Termination "GianmarcoVaR won by resignation"]

1. e4 c5 2. Nf3 d6 3. d4 cxd4 4. Nxd4 Nf6 5. Nc3 a6 6. g3 e5 7. Nde2 Be7 8. a4 O-O 9. Bg2 Nc6 10. Nd5 Nxd5 11. exd5 Nb8 12. a5 Nd7 13. O-O b5 14.
axb6 Nxb6 15. b3 a5 16. c4 Nd7 17. Be3 Bg5 18. f4 exf4 19. gxf4 Re8 20. Bf2 Bf6 21.
Nd4 Nc5 22. Nc6 Qc7 23. Bxc5 Bxa1 24. Ba3 Bf6 25. c5 Bd7 26. cxd6 Qb6+ 27. Kh1 Re3 28. Bc1 Rxb3 29. Ne5 Bf5 30. d7 Rd8 31. Re1 h6 32. d6 a4 33. Bd5 Rb1 34. Nxf7 Kh7 35. Qh5 Bg6 36. Qg4 Qc5 37. Bg2 Rxc1 0-1

[Event "Early-Titled-Tuesday-Blitz-March-05-2024"]
[Site "Chess.com"]
[Date "2024.03.05"]
[Round "11"]
[White "AlexandraSamaganova"]
[Black "Eloist"]
[Result "0-1"]
[WhiteElo "2293"]
[BlackElo "2420"]
[TimeControl "180+1"]
[EndTime "10:09:29 PST"]
[Termination "Eloist won on time"]

1. c4 e5 2. Nc3 Nf6 3. Nf3 Nc6 4. a3 d6 5. e3 g6 6. Be2 Bg7 7. O-O e4 8. Ne1 O-O 9. d3 Bf5 10. d4 h5 11. b4 h4 12. b5 Ne7 13. Rb1 h3 14. g3 Qd7 15. a4 Rfe8 16. a5 d5 17. cxd5 Nexd5 18. Qb3 Nxc3 19. Qxc3 Bg4 20. Qc2 Bxe2 21.
Qxe2 Nd5 22. Bd2 f5 23. Nc2 Bf8 24. Qc4 Kg7 25. Nb4 Bxb4 26. Bxb4 g5 27. Rfc1 Re6 28.
Qf1 Rh8 29. Rc5 b6 30. axb6 axb6 31. Rc4 f4 32. exf4 gxf4 33. Rbc1 e3 34. Qe2 f3 35. Qc2 exf2+ 36. Qxf2 Qf7 37. Re1 Rxe1+ 38. Bxe1 Re8 39. Rc2 Ne3 40. Rb2 Nd1 0-1

[Event "Early-Titled-Tuesday-Blitz-March-05-2024"]
[Site "Chess.com"]
[Date "2024.03.05"]
[Round "11"]
[White "Al_Shima"]
[Black "Bilan_Danila"]
[Result "0-1"]
[WhiteElo "2440"]
[BlackElo "2539"]
[TimeControl "180+1"]
[EndTime "10:09:31 PST"]
[Termination "Bilan_Danila won by checkmate"]

1. e4 c6 2. Nc3 d5 3. Nf3 Nf6 4. e5 Ne4 5. d3 Nxc3 6. bxc3 Bg4 7. h3 Bxf3 8. Qxf3 e6 9. d4 Be7 10. Bd3 g6 11. Bh6 Bg5 12. Bg7 Rg8 13. h4 Rxg7 14.
hxg5 Qxg5 15. Rb1 b5 16. Ke2 a6 17. Rh3 h5 18. Rg3 Qe7 19. Rh1 Qf8 20. Qf6 Nd7 21.
Qg5 Rh7 22. Rf3 Qe7 23. Qg3 O-O-O 24. a4 Kb7 25. axb5 axb5 26. Rb1 Nb6 27. Qf4 Rd7 28.
Rh1 Rh8 29. g3 Ra8 30. Kd2 Ra3 31. g4 hxg4 32. Qxg4 Na4 33. Rh7 Nxc3 34. Bxg6 Qb4 35. Kc1 Ra1+ 36. Kd2 Ne4+ 37. Ke3 Qd2# 0-1

[Event "Early-Titled-Tuesday-Blitz-March-05-2024"]
[Site "Chess.com"]
[Date "2024.03.05"]
[Round "11"]
[White "Matalon"]
[Black "pr1105"]
[Result "0-1"]
[WhiteElo "2493"]
[BlackElo "2389"]
[TimeControl "180+1"]
[EndTime "10:09:31 PST"]
[Termination "pr1105 won by resignation"]

1. e4 e5 2. Nf3 Nc6 3. Bb5 Nf6 4. d4 Nxd4 5. Nxd4 c6 6. Nf5 cxb5 7. Nd6+ Bxd6 8. Qxd6 Qe7 9. Qxe7+ Kxe7 10. Bg5 h6 11.
Bxf6+ Kxf6 12. Nc3 a6 13. Nd5+ Kg6 14. O-O-O Rd8 15.
Nb6 Rb8 16. Rd6+ Kh7 17. Rhd1 f6 18. c3 Kg8 19. Kc2 Kf8 20. Nxd7+ Ke7 21. Nxb8 Rxd6 22.
Rd5 Rxd5 23. exd5 Kd6 24. Kd3 Kxd5 25. b4 f5 26. f3 Kd6 27. c4 Kc7 28. Nxa6+ bxa6 29. c5 Be6 30. a3 Bd5 31. Ke3 g5 32. g3 Kc6 33. f4 exf4+ 34. gxf4 g4 35. Kf2 h5 36.
Kg3 Bf7 37. Kh4 Kd5 38. Kg5 Ke4 39. c6 Be6 40. Kxh5 Kxf4 41. Kh4 Ke5 42. Kg5 Kd6 43. Kf6 f4 44. c7 f3 0-1

[Event "Early-Titled-Tuesday-Blitz-March-05-2024"]
[Site "Chess.com"]
[Date "2024.03.05"]
[Round "11"]
[White "JohnWhite1952"]
[Black "Christian_Jordan"]
[Result "0-1"]
[WhiteElo "1989"]
[BlackElo "2135"]
[TimeControl "180+1"]
[EndTime "10:09:31 PST"]
[Termination "Christian_Jordan won on time"]

1. e4 e6 2. d4 d5 3. Nc3 Bb4 4. e5 c5 5. a3 Bxc3+ 6. bxc3 Ne7 7. Nf3 h6 8. Bd2 b6 9. Be2 Ba6 10. O-O Bxe2 11. Qxe2 Nd7 12. c4 dxc4 13. Qxc4 O-O 14. c3 Rc8 15. Qa4 Qc7 16. Be3 Nd5 17. Rac1 Qc6 18.
Qxc6 Rxc6 19. Nd2 Nxe3 20. fxe3 cxd4 21. exd4 Rfc8 22. c4 a6 23. Rb1 Rd8 24. Rfc1 Nf8 25. Nf3 Ng6 26. Rb4 Nf4 27. Rc2 b5 28. c5 Kf8 29.
Rd2 Ke7 30. g3 Nd5 31. Rb1 Ne3 32. Kf2 Nc4 33. Rd3 Rxc5 34. Rbd1 Rc7 35. Nd2 Nb2 36. Rb3 Nxd1+ 0-1

[Event "Early-Titled-Tuesday-Blitz-March-05-2024"]
[Site "Chess.com"]
[Date "2024.03.05"]
[Round "11"]
[White "Rikikits"]
[Black "Chopper1905"]
[Result "1-0"]
[WhiteElo "2875"]
[BlackElo "2954"]
[TimeControl "180+1"]
[EndTime "10:09:32 PST"]
[Termination "Rikikits won on time"]

1. Nf3 c5 2. e3 Nf6 3. b3 g6 4. Bb2 Bg7 5. c4 O-O 6. Be2 Nc6 7. O-O b6 8. Nc3 Bb7 9. Rc1 d5 10. Nxd5 Nxd5 11. Bxg7 Kxg7 12. cxd5 Qxd5 13. Qc2 Rad8 14.
Rfd1 e5 15. d3 a5 16. a3 Ba6 17. Qb2 f6 18. Nd2 Bxd3 19. Nc4 e4 20. Nxb6 Qe5 21.
Qxe5 Nxe5 22. Bxd3 Rxd3 23. Rxd3 Nxd3 24. Rc3 Rb8 25. Na4 c4 26. Rxc4 Rxb3 27. g4 f5 28.
gxf5 gxf5 29. Rc3 Rb1+ 30. Kg2 Kf6 31. Nc5 Ne5 32. Rb3 Rc1 33. Rb6+ Kf7 34. Rb7+ Kg6 35.
Ne6 Nf3 36. Kg3 Kf6 37. Rb6 Rg1+ 38. Kh3 Ke5 39. Nf4 Ng5+ 40. Kh4 Rg4+ 41. Kh5 Rxf4 42. Rb5+ 1-0

[Event "Early-Titled-Tuesday-Blitz-March-05-2024"]
[Site "Chess.com"]
[Date "2024.03.05"]
[Round "11"]
[White "goldihouse"]
[Black "guillembaches"]
[Result "1-0"]
[WhiteElo "2654"]
[BlackElo "2530"]
[TimeControl "180+1"]
[EndTime "10:09:33 PST"]
[Termination "goldihouse won on time"]

1. c4 e6 2. g3 d5 3. Bg2 Nf6 4.
Nf3 Bd6 5. O-O O-O 6. d3 dxc4 7.
dxc4 e5 8. Nc3 h6 9. c5 Bxc5 10. Nxe5 Qe7 11. Nd3 Bb6 12. a4 Rd8 13. a5 Bc5 14. a6 c6 15. axb7 Bxb7 16. Qb3 Bb6 17. Qa3 Qxa3 18. Rxa3 Nbd7 19. Na4 Bd4 20. Rd1 Nb6 21.
Nc3 Nfd5 22. Ne4 Nd7 23. Nd6 Nc5 24. Nxb7 Nxb7 25. Re1 Nc5 26. Nxc5 Bxc5 27. Ra4 Rab8 28. Rc4 Bb4 29. Rf1 Rb6 30. Rd1 Be7 31. e4 Nf6 32.
Rxd8+ Bxd8 33. Rc2 Nd7 34. Rd2 Rb7 35. Bh3 Bg5 36.
f4 Ne5 37. Kg2 Nc4 38. Rc2 Rxb2 39. Rxb2 Nxb2 40. Bxb2 Be7 41. Bd7 c5 42. Bb5 f6 43.
Bc4+ Kf8 44. Kf3 Ke8 45. Kg4 Kd7 46. Kf5 1-0